 Dungeon Crawl Stone Soup version 0.30.0-29-ga12c61a403 (webtiles) character file.

Game seed: 17039838755068126602

1960 MacCMillion the Frost Mage (level 9, 0/65 HPs)
             Began as a Gnoll Ice Elementalist on June 18, 2023.
             Slain by a two-headed ogre
             ... wielding a +0 giant club
              (13 damage)
             ... on level 7 of the Dungeon.
             The game lasted 00:10:54 (6528 turns).

MacCMillion the Frost Mage (Gnoll Ice Elementalist) Turns: 6528, Time: 00:10:54

Health: 0/65       AC: 15    Str:  8    XL:     9   Next: 19%
Magic:  13/18      EV: 14    Int: 18    God:
Gold:   285        SH:  0    Dex: 13    Spells: 14/21 levels left

rFire   . . .        m - +0 dagger
rCold   . . .        (no shield)
rNeg    . . .        a - +0 robe
rPois   .            s - +0 helmet
rElec   .            (no cloak)
rCorr   .            r - +0 pair of gloves
SInv    .            D - +2 pair of boots
Will    +....        z - amulet of magic regeneration
Stlth   +++          g - ring of willpower
HPRegen 0.30/turn    (no ring)
MPRegen 0.56/turn

%: no passive effects
@: ice-armoured, freezing walls
A: fangs 1, strong nose, distributed training
a: no special abilities


You were on level 7 of the Dungeon.
You visited 1 branch of the dungeon, and saw 7 of its levels.

You collected 285 gold pieces.

Inventory:

Hand Weapons
 m - a +0 dagger (weapon)
Armour
 a - a +0 robe (worn)
 c - a +1 ring mail of fire resistance
 r - a +0 pair of gloves (worn)
 s - a +0 helmet (worn)
 D - a +2 pair of boots (worn)
Jewellery
 g - a ring of willpower (left hand)
 z - an amulet of magic regeneration (around neck)
 B - an amulet of regeneration
 C - a ring of flight
 G - the ring of Dejor {Ice rElec Will+ Int+3}
   (You found it on level 6 of the Dungeon)

   [ring of ice]

   It enhances your ice magic.
   Int:       It affects your intelligence (+3).
   rF:        It makes you vulnerable to fire.
   rC:        It protects you from cold.
   rElec:     It insulates you from electricity.
   Will:      It increases your willpower.
Wands
 k - a wand of digging (2)
 A - a wand of flame (24)
Scrolls
 d - 9 scrolls of identify {unknown}
 f - a scroll of acquirement {unknown}
 i - a scroll of noise {unknown}
 n - 2 scrolls of immolation {unknown}
 q - a scroll of butterflies {unknown}
 t - a scroll of vulnerability
 u - 3 scrolls of fog {unknown}
 w - a scroll of enchant weapon {unknown}
 y - a scroll of fear {unknown}
 E - 2 scrolls of teleportation
 F - a scroll of magic mapping {unknown}
Potions
 b - a potion of magic
 e - a potion of ambrosia {unknown}
 h - 2 potions of degeneration {unknown}
 j - 3 potions of berserk rage {unknown}
 l - a potion of experience {unknown}
 o - 3 potions of lignification {unknown}
 p - 5 potions of attraction {unknown}
 v - 3 potions of flight {unknown}
 x - 3 potions of curing {unknown}


   Skills:
 + Level 4.1 Fighting
 + Level 4.1 Short Blades
 + Level 4.1 Long Blades
 + Level 4.1 Axes
 + Level 4.1 Maces & Flails
 + Level 4.1 Polearms
 + Level 4.1 Staves
 + Level 4.1 Ranged Weapons
 + Level 4.1 Throwing
 + Level 4.1 Armour
 + Level 6.2 Dodging
 + Level 6.0 Stealth
 + Level 4.1 Shields
 + Level 4.1 Unarmed Combat
 + Level 6.6 Spellcasting
 + Level 3.4 Conjurations
 + Level 3.4 Hexes
 + Level 3.4 Summonings
 + Level 3.4 Necromancy
 + Level 3.4 Translocations
 + Level 3.4 Transmutations
 + Level 3.4 Fire Magic
 + Level 8.0 Ice Magic
 + Level 3.4 Air Magic
 + Level 3.4 Earth Magic
 + Level 3.4 Poison Magic
 + Level 4.5 Invocations
 + Level 4.1 Evocations


You had 14 spell levels left.
You knew the following spells:

 Your Spells              Type           Power      Damage    Failure   Level
a - Freeze                Ice            100%       1d10      1%          1
b - Frozen Ramparts       Ice            68%        1d11      1%          3
c - Ozocubu's Armour      Ice            34%        N/A       1%          3

Your spell library contained the following spells:

 Spells                   Type           Power      Damage    Failure   Level
 Apportation              Tloc           36%        N/A       2%          1
 Beastly Appendage        Tmut           36%        N/A       2%          1
 Wereblood                Tmut           18%        N/A       4%          2
 Ignite Poison            Fire/Tmut/Pois 18%        N/A       9%          3
 Spider Form              Tmut/Pois      18%        N/A       9%          3
 Summon Ice Beast         Ice/Summ       26%        N/A       11%         4
 Sticky Flame             Conj/Fire      18%        2d4       28%         4
 Alistair's Intoxication  Tmut/Pois      12%        N/A       61%         5
 Ignition                 Fire           9%         3d5       100%        8


Dungeon Overview and Level Annotations

Branches:
Dungeon (7/15)
 Temple: D:4-7

Altars:
Elyvilon
Fedhas
Kikubaaqudgha
Uskayaw
Zin
The Shining One

Shops:
D:1 (   D:2 =

Annotations:
D:4 Pikel
D:5 exclusion: ice beast, Menkaure


Innate Abilities, Weirdness & Mutations

You have very sharp teeth.
Your uncanny sense of smell can sniff out nearby items.
Your experience applies equally to all skills.


Message History

Casting: Frozen Ramparts (safe; 1% risk of failure)
Confirm with . or Enter, or press ? or * to list all spells.
A film of ice covers your body!
The wall freezes the two-headed ogre.
You hit the two-headed ogre.
You bite the two-headed ogre, but do no damage.
The two-headed ogre is lightly wounded.
The wall freezes the two-headed ogre.
The two-headed ogre hits you with a +0 giant club!
The two-headed ogre barely misses you.
You hit the two-headed ogre.
The two-headed ogre is moderately wounded.
You hit the two-headed ogre but do no damage.
The two-headed ogre is moderately wounded.
The wall freezes the two-headed ogre but does no damage.
The two-headed ogre misses you.
The two-headed ogre hits you with a +0 giant club!
Aiming: Freeze (safe; 1% risk of failure)
Press: ? - help, Q - select action, (/) - cycle Shift-Dir - straight line, f - two-headed ogre
Aim: a two-headed ogre, wielding two +0 giant clubs (moderately wounded)
You freeze the two-headed ogre.
The two-headed ogre is moderately wounded.
The wall freezes the two-headed ogre!
The two-headed ogre hits you with a +0 giant club!!
The two-headed ogre hits you with a +0 giant club!
* * * LOW HITPOINT WARNING * * *
Aiming: Freeze (safe; 1% risk of failure)
Press: ? - help, Q - select action, (/) - cycle Shift-Dir - straight line, f/p - two-headed ogre
Aim: a two-headed ogre, wielding two +0 giant clubs (heavily wounded)
You freeze the two-headed ogre.
The two-headed ogre is heavily wounded.
Aiming: Freeze (safe; 1% risk of failure)
Press: ? - help, Q - select action, (/) - cycle Shift-Dir - straight line, f/p - two-headed ogre
Aim: a two-headed ogre, wielding two +0 giant clubs (heavily wounded)
You freeze the two-headed ogre!
The two-headed ogre is severely wounded.
The wall freezes the two-headed ogre.
The two-headed ogre hits you with a +0 giant club.
* * * LOW HITPOINT WARNING * * *
The two-headed ogre hits you with a +0 giant club!
You die...

... ...$... ###
....... #.# ........
##.# ........# ##.##
.......#.###..# ###
.......##.....## ##.#
.....!O#.......##
#.##
.(.....@...###..###.#
...........# ##....##
...........# ##...#
............# ###.##
..<..........##...#
..#####...##.....## .
.....##....#
..#...###...####
..##......###


You could see a two-headed ogre.

Vanquished Creatures
  A cyclops (D:7)
  2 water moccasins (D:5)
  A black bear (D:5)
  A sky beast (D:7)
  2 ogres
  A centaur (D:6)
  A lemure (D:4)
  A kobold brigand (D:6)
  A bullfrog (D:6)
  3 scorpions
  2 orc priests
  A hound (D:5)
  A sleepcap (D:6)
  5 iguanas
  4 orc wizards
  Robin (D:2)
  3 gnolls (D:6)
  10 adders
  A shadow imp (D:5)
  3 white imps
  A worm (D:2)
  A dart slug (D:3)
  21 orcs
  6 bats
  5 endoplasms (D:2)
  6 giant cockroaches
  11 goblins
  4 hobgoblins
  5 jackals
  13 kobolds
  5 quokkas
  6 ball pythons
  A frilled lizard (D:1)
  7 rats
  A spectral hobgoblin (D:2)
138 creatures vanquished.

Vanquished Creatures (others)
  A human (D:6)
1 creature vanquished.

Grand Total: 139 creatures vanquished

Notes
Turn   | Place    | Note
-------+----------+-------------------------------------------
     0 | D:1      | MacCMillion the Gnoll Ice Elementalist began the quest for
                  | the Orb.
     0 | D:1      | Reached XP level 1. HP: 13/13 MP: 6/6
   119 | D:1      | Reached XP level 2. HP: 19/19 MP: 1/7
   504 | D:1      | Found Aziocobo's Weapon Emporium.
   729 | D:1      | Reached skill level 5 in Spellcasting
   729 | D:1      | Reached XP level 3. HP: 25/25 MP: 5/9
   735 | D:1      | Learned a level 3 spell: Frozen Ramparts
   739 | D:1      | Learned a level 3 spell: Ozocubu's Armour
   793 | D:2      | Reached skill level 1 in Invocations
  1039 | D:2      | Found Qoycwo Tauf's Jewellery Shoppe.
  1068 | D:2      | Reached skill level 1 in Fighting
  1068 | D:2      | Reached skill level 1 in Short Blades
  1068 | D:2      | Reached skill level 1 in Long Blades
  1068 | D:2      | Reached skill level 1 in Axes
  1068 | D:2      | Reached skill level 1 in Maces & Flails
  1068 | D:2      | Reached skill level 1 in Polearms
  1068 | D:2      | Reached skill level 1 in Staves
  1068 | D:2      | Reached skill level 1 in Ranged Weapons
  1068 | D:2      | Reached skill level 1 in Throwing
  1068 | D:2      | Reached skill level 1 in Armour
  1068 | D:2      | Reached skill level 1 in Shields
  1068 | D:2      | Reached skill level 1 in Unarmed Combat
  1068 | D:2      | Reached skill level 1 in Evocations
  1293 | D:2      | Noticed Robin
  1297 | D:2      | Reached XP level 4. HP: 29/32 MP: 3/11
  1306 | D:2      | Killed Robin
  1622 | D:2      | Found a faded altar of an unknown god.
  1636 | D:2      | Reached skill level 1 in Conjurations
  1636 | D:2      | Reached skill level 1 in Hexes
  1636 | D:2      | Reached skill level 1 in Summonings
  1636 | D:2      | Reached skill level 1 in Necromancy
  1636 | D:2      | Reached skill level 1 in Translocations
  1636 | D:2      | Reached skill level 1 in Transmutations
  1636 | D:2      | Reached skill level 1 in Fire Magic
  1636 | D:2      | Reached skill level 1 in Air Magic
  1636 | D:2      | Reached skill level 1 in Earth Magic
  1636 | D:2      | Reached skill level 1 in Poison Magic
  3049 | D:4      | Found a blossoming altar of Fedhas.
  3303 | D:4      | Reached XP level 5. HP: 21/37 MP: 8/12
  3510 | D:4      | Noticed an ogre
  3518 | D:4      | Killed an ogre
  3637 | D:4      | Noticed a phantom
  3789 | D:5      | Entered Level 5 of the Dungeon
  3790 | D:5      | Noticed a black bear
  3795 | D:5      | Killed a black bear
  3796 | D:5      | Reached skill level 5 in Dodging
  3796 | D:5      | Reached XP level 6. HP: 36/44 MP: 7/14
  3890 | D:5      | Noticed Menkaure
  3913 | D:5      | Noticed a water moccasin
  3918 | D:5      | Killed a water moccasin
  3919 | D:5      | Reached XP level 7. HP: 36/51 MP: 6/15
  4062 | D:5      | Found a white marble altar of Elyvilon.
  4515 | D:5      | Found a hide-covered altar of Uskayaw.
  4526 | D:5      | Reached skill level 5 in Stealth
  4624 | D:5      | Found a glowing golden altar of the Shining One.
  4926 | D:4      | Reached XP level 8. HP: 58/58 MP: 5/16
  4993 | D:4      | Noticed Pikel
  5205 | D:6      | Identified the ring of Dejor {Ice rElec Will+ Int+3}
  5946 | D:6      | Found an ancient bone altar of Kikubaaqudgha.
  6235 | D:7      | Noticed a cyclops
  6246 | D:7      | Killed a cyclops
  6247 | D:7      | Reached XP level 9. HP: 36/65 MP: 10/18
  6397 | D:7      | Reached skill level 8 in Ice Magic
  6461 | D:7      | Found a glowing silver altar of Zin.
  6520 | D:7      | Noticed a two-headed ogre
  6528 | D:7      | Slain by a two-headed ogre

Illustrated notes

Levels and vault maps discovered:
D:1:      dpeg_arrival_boxorama, layout_basic, serial_shops,
          nicolae_shop_behind_doors, st_stairs_9
D:2:      layout_rooms, dreamdust_ecumenical_altar_drowned_temple, serial_shops,
          shop, minmay_statues_item, uniq_robin
D:3:      layout_rooms
D:4:      layout_cave_pods, fedhas_altar_1, grunt_dithmenos_smoke, uniq_pikel,
          uniq_duvessa
D:5:      layout_loops_ring, mainiacjoe_overflow_concentric_impassable,
          mainiacjoe_overflow_paths, nicolae_uskayaw_dance_hall, minivault_11,
          uniq_menkaure
D:6:      layout_loops_ring, tgw_kikubaaqudgha, minmay_misc_feat_five
D:7:      layout_layer_cave, zin_academy, minmay_temple_entry_antechambers

Skill      XL: |  1  2  3  4  5  6  7  8  9 |
---------------+----------------------------+-----
Spellcasting   | 5 6 |  6.6
Invocations    | 1 2 3 4 |  4.5
Fighting       | 1 2 3 4 |  4.1
Short Blades   | 1 2 3 4 |  4.1
Long Blades    | 1 2 3 4 |  4.1
Axes           | 1 2 3 4 |  4.1
Maces & Flails | 1 2 3 4 |  4.1
Polearms       | 1 2 3 4 |  4.1
Staves         | 1 2 3 4 |  4.1
Ranged Weapons | 1 2 3 4 |  4.1
Throwing       | 1 2 3 4 |  4.1
Armour         | 1 2 3 4 |  4.1
Shields        | 1 2 3 4 |  4.1
Unarmed Combat | 1 2 3 4 |  4.1
Evocations     | 1 2 3 4 |  4.1
Conjurations   | 1 2 3 |  3.4
Hexes          | 1 2 3 |  3.4
Summonings     | 1 2 3 |  3.4
Necromancy     | 1 2 3 |  3.4
Translocations | 1 2 3 |  3.4
Transmutations | 1 2 3 |  3.4
Fire Magic     | 1 2 3 |  3.4
Air Magic      | 1 2 3 |  3.4
Earth Magic    | 1 2 3 |  3.4
Poison Magic   | 1 2 3 |  3.4
Dodging        | 5 6 |  6.2
Stealth        | 5 6 |  6.0
Ice Magic      | 8 |  8.0

Action                     |  1- 3 |  4- 6 |  7- 9 || total
---------------------------+-------+-------+-------++-------
  Melee: Unarmed           |    19 |     9 |       ||    28
         Dagger            |       |    67 |   145 ||   212
         Bite              |       |     8 |    20 ||    28
         Punch             |       |     1 |     3 ||     4
   Cast: Freeze            |    31 |    13 |     9 ||    53
         Frozen Ramparts   |    11 |    24 |    31 ||    66
         Ozocubu's Armour  |     1 |     7 |    23 ||    31
    Use: Scroll            |       |     2 |       ||     2
   Stab: Sleeping          |       |     5 |     6 ||    11
 Armour: Robe              |    14 |    20 |    42 ||    76
  Dodge: Dodged            |    50 |    39 |    90 ||   179
